 Dungeon Crawl Stone Soup version 0.28.0-47-ge53b351184 (webtiles) character file.

Game seed: 6285244809768053624

2217 Kniotic the Skirmisher (level 9, 0/74 HPs)
             Began as a Demonspawn Monk on May 10, 2022.
             Was a Believer of Cheibriados.
             Slain by a hornet (12 damage)
             ... on level 8 of the Dungeon.
             The game lasted 00:07:30 (6648 turns).

Kniotic the Skirmisher (Demonspawn Monk)            Turns: 6648, Time: 00:07:31

Health: 0/74       AC:  3    Str: 15    XL:     9   Next: 13%
Magic:  9/9        EV: 24    Int: 17    God:    Cheibriados [**....]
Gold:   253        SH:  0    Dex: 23    Spells: 8/8 levels left

rFire   . . .      SeeInvis .     - Unarmed
rCold   . . .      Faith    +   (no shield)
rNeg    . . .      Spirit   .   a - +0 robe
rPois   .          Reflect  .   (helmet restricted)
rElec   .          Harm     .   (no cloak)
rCorr   .          Rampage  .   u - +0 pair of gloves
Will    .....                   (no boots)
Stlth   +++++.....              j - amulet of faith
HPRegen 0.22/turn               o - +4 ring of evasion
MPRegen 0.11/turn               p - ring of Shadows {Umbra +Inv Stlth+}

@: attractive, wreathed by umbra, very slow
A: horns 1, repulsion field 2, demonic guardian 1, ignite blood 1
a: Renounce Religion, Evoke Invisibility, Bend Time


You were on level 8 of the Dungeon.
You worshipped Cheibriados.
Cheibriados was pleased with you.
You visited 2 branches of the dungeon, and saw 7 of its levels.
You also visited: Bailey.

You collected 253 gold pieces.

Inventory:

Armour
 a - a +0 robe (worn)
 u - a +0 pair of gloves (worn)
Jewellery
 j - an amulet of faith (around neck)
 o - a +4 ring of evasion (left hand)
 p - the ring of Shadows (right hand) {Umbra +Inv Stlth+}
   (You found it on level 4 of the Dungeon)

   [ring of stealth]

   It surrounds you with an aura of shadow, increasing your stealth and reducing
   the accuracy of all others within it.
   +Inv:      It lets you turn invisible.
   Stlth:     It makes you more stealthy.
Wands
 c - a wand of flame (9)
Scrolls
 e - 2 scrolls of identify {unknown}
 f - a scroll of enchant armour {unknown}
 g - a scroll of torment {unknown}
 h - a scroll of teleportation {unknown}
 i - a scroll of fog {unknown}
 k - 2 scrolls of amnesia {unknown}
 l - a scroll of vulnerability {unknown}
 n - a scroll of holy word {unknown}
 s - a scroll of blinking {unknown}
Potions
 b - 2 potions of flight {unknown}
 d - a potion of heal wounds
 m - a potion of invisibility {unknown}
 r - 3 potions of curing {unknown}
 t - a potion of lignification {unknown}


   Skills:
 + Level 7.8 Fighting
 + Level 7.1 Dodging
 - Level 1.7 Stealth
 - Level 6.7 Unarmed Combat


You had 8 spell levels left.
You didn't know any spells.
Your spell library contained the following spells:

 Spells                   Type           Power      Damage    Failure   Level
 Beastly Appendage        Tmut           0%         N/A       24%         1
 Foxfire                  Conj/Fire      0%         2x1d4     24%         1
 Wereblood                Tmut           0%         N/A       34%         2
 Conjure Flame            Conj/Fire      0%         6-21      56%         3
 Gell's Gravitas          Tloc           0%         N/A       56%         3
 Inner Flame              Hex/Fire       0%         N/A       56%         3
 Spider Form              Tmut/Pois      0%         N/A       56%         3
 Teleport Other           Tloc           0%         N/A       56%         3
 Flame Wave               Conj/Fire      0%         2d4       93%         4
 Dispersal                Tloc           0%         N/A       100%        6


Dungeon Overview and Level Annotations

Branches:
Dungeon (8/15)             Temple (1/1) D:7            Lair (0/6) D:8
 Bailey (visited)

Altars:
Ashenzari
Cheibriados
Dithmenos
Elyvilon
Fedhas
Hepliaklqana
Kikubaaqudgha
Makhleb
Nemelex Xobeh
Okawaru
Qazlal
Ru
Sif Muna
Trog
Uskayaw
Vehumet
Wu Jian
Xom
Yredelemnul
Zin
The Shining One
Beogh

Annotations:
D:8 3 runed translucent doors, 101zpm's ghost, novice DjFE


Innate Abilities, Weirdness & Mutations

You have a pair of small horns on your head.
You are surrounded by a moderate repulsion field. (EV +3)
A weak demonic guardian rushes to your aid.
Your demonic aura sometimes causes spilled blood to erupt in flames.


Message History

You closely miss the hornet.
The hornet is moderately wounded.
The yak completely misses you. The yak gores you! The hornet stings you.
You are poisoned.
You feel yourself slow down. The yak gores you!
* * * LOW HITPOINT WARNING * * *
It was a potion of attraction.
You feel attractive to monsters.
You feel yourself speed up.
You feel very sick. The hornet completely misses you. The yak misses you.
The yak completely misses you. The yak gores you but does no damage.
The hornet barely misses you. The yak misses you. The yak barely misses you.
You feel much better.
You feel sick. The hornet misses you. The yak gores you!
* * * LOW HITPOINT WARNING * * *
The hornet closely misses you. The yak gores you.
* * * LOW HITPOINT WARNING * * *
The yak closely misses you.
Okay, then.
You feel sick. The hornet completely misses you. The yak misses you. x2
Found an embroidered cloak.
Found a roughly hewn altar of Beogh.
You feel sick. The hornet barely misses you.
Found a ring mail.
You feel sick.
The hornet completely misses you. 101zpm's ghost screams, "Don't try to defend!
You have no chance!"
The hornet misses you.
You see here 20 arrows.
You feel sick. The yak misses you. x2
Found a war axe.
You feel sick. The yak misses you. The hornet closely misses you.
The yak is attracted toward you.
You feel sick. The hornet misses you.
You feel sick.
You are no longer poisoned.
The hornet completely misses you. The yak completely misses you. x2
The hornet misses you. The yak closely misses you.
The hornet completely misses you. The yak is attracted toward you.
The yak closely misses you. The hornet barely misses you. The yak gores you.
* * * LOW HITPOINT WARNING * * *
A demonic guardian appears!
The yak closely misses you.
Your shadow imp misses the hornet.
The hornet stings you!
You die...

8...oo#...≈≈≈≈......
..##oo#(...≈≈≈≈.≈...
..8#oo#....≈≈≈≈..≈..
..##oW#....≈≈≈≈.≈≈..
....#o#......≈≈.≈.....
[...#o+......≈≈.......
_.8.#o+..Y..≈≈≈.......
[...#o+.yYY..≈........
)...#.#5.@...........
..##..#.............
..8#..#..#....).####
.##..#..#......#
8.....#..#......#####
######8.#.........>#
########......##
#.......# ###
#.......###..


You could see 3 yaks, a hornet (ally target), 2 orc warriors, an orc priest,
101zpm's ghost, 6 orcs and a friendly shadow imp (summoned).

Vanquished Creatures
  Pikel (D:7)
  2 spriggans (Bailey)
  A wyvern (D:7)
  Sigmund (D:2)
  A sky beast (D:7)
  4 ogres
  A bullfrog (D:7)
  A gnoll sergeant (D:7)
  A scorpion (D:4)
  An electric eel (D:8)
  A centaur zombie (D:8)
  A hound (D:4)
  An orc priest (D:3)
  A bullfrog skeleton (D:7)
  An iguana (D:7)
  Terence (D:3)
  3 orc wizards
  A killer bee zombie (D:7)
  Robin (D:3)
  3 gnolls (D:7)
  8 adders
  An adder skeleton (D:4)
  A worm (D:2)
  5 dart slugs
  10 orcs
  8 ball pythons
  8 endoplasms
  6 giant cockroaches
  16 goblins
  10 hobgoblins
  6 jackals
  A quokka (D:3)
  6 bats
  6 frilled lizards
  10 kobolds
  9 rats
139 creatures vanquished.

Notes
Turn   | Place    | Note
-------+----------+-------------------------------------------
     0 | D:1      | Kniotic the Demonspawn Monk began the quest for the Orb.
     0 | D:1      | Reached XP level 1. HP: 18/18 MP: 1/1
   205 | D:1      | Gained mutation: You have a pair of small horns on your
                  | head. [demonic ancestry]
   205 | D:1      | Reached XP level 2. HP: 24/24 MP: 2/2
   520 | D:1      | Found a faded altar of an unknown god.
   720 | D:1      | Gained mutation: You are surrounded by a mild repulsion
                  | field. (EV +2) [demonic ancestry]
   720 | D:1      | Reached XP level 3. HP: 29/29 MP: 3/3
  1348 | D:2      | Noticed Sigmund
  1353 | D:2      | Killed Sigmund
  1354 | D:2      | Reached skill level 5 in Unarmed Combat
  1354 | D:2      | Reached XP level 4. HP: 35/35 MP: 4/4
  1354 | D:2      | Reached XP level 5. HP: 41/41 MP: 5/5
  1562 | D:2      | Noticed an ogre
  1882 | D:2      | Killed an ogre
  1883 | D:2      | Gained mutation: Your demonic aura sometimes causes spilled
                  | blood to erupt in flames. [demonic ancestry]
  1883 | D:2      | Reached XP level 6. HP: 34/47 MP: 6/6
  2542 | D:3      | Noticed Robin
  2549 | D:3      | Killed Robin
  2753 | D:3      | Noticed Terence
  2760 | D:3      | Killed Terence
  3874 | D:4      | Found the ring of Shadows {Umbra +Inv Stlth+}
  3887 | D:4      | Reached XP level 7. HP: 36/53 MP: 7/7
  4593 | D:4      | You fall into a shaft and drop 3 floors!
  4714 | D:7      | Found a stormy altar of Qazlal.
  4714 | D:7      | Found a hazy altar of Hepliaklqana.
  4716 | D:7      | Found a shimmering blue altar of Sif Muna.
  5005 | D:7      | Found a flagged portal.
  5017 | Bailey   | Entered a bailey
  5070 | Bailey   | Reached skill level 5 in Fighting
  5110 | Bailey   | Reached skill level 5 in Dodging
  5110 | Bailey   | Gained mutation: You are surrounded by a moderate repulsion
                  | field. (EV +3) [demonic ancestry]
  5110 | Bailey   | Reached XP level 8. HP: 35/63 MP: 8/8
  5247 | Bailey   | Identified the +0 quarterstaff "Fyorry" {antimagic, Int+3
                  | Dex+6}
  5462 | D:7      | Noticed Pikel
  5475 | D:7      | Killed Pikel
  5511 | D:7      | Found a staircase to the Ecumenical Temple.
  5702 | Temple   | Entered the Ecumenical Temple
  5837 | Temple   | Became a worshipper of Cheibriados the Contemplative
  5837 | Temple   | Reached * piety under Cheibriados
  5837 | Temple   | Reached ** piety under Cheibriados
  5901 | D:7      | Gained mutation: A weak demonic guardian rushes to your
                  | aid. [demonic ancestry]
  5901 | D:7      | Reached XP level 9. HP: 72/72 MP: 9/9
  6574 | D:8      | Found a runed translucent gate.
  6574 | D:8      | Found a runed translucent gate.
  6574 | D:8      | Found a runed translucent gate.
  6586 | D:8      | Noticed 101zpm's ghost (novice DjFE)
  6608 | D:8      | Identified the +2 chain mail of Fuir {rElec Dex+6}
  6622 | D:8      | Found a staircase to the Lair.
  6648 | D:8      | Slain by a hornet

Illustrated notes

Levels and vault maps discovered:
D:1:      minmay_arrival_hallway, layout_loops_ring,
          hellmonk_ecumenical_altar_lost_god, serial_park_tiny_2,
          amcnicky_mini_pool_small
D:2:      layout_basic, uniq_sigmund
D:3:      layout_loops_corners, uniq_terence, uniq_robin
D:4:      layout_basic
D:7:      layout_gridville, gammafunk_temple_overflow_forgotten,
          minmay_temple_entry_hall, enter_bailey_5, abandoned_shop,
          kennysheep_generic_room_14, uniq_pikel
D:8:      layout_basic, lair_entry_dummy, biasface_ghost_orc_armoury,
          minmay_fractal_squares_gapless_5, uniq_harold, uniq_grum
Temple:   mainiacjoe_temple_coin_purse

Skill      XL: |  1  2  3  4  5  6  7  8  9 |
---------------+----------------------------+-----
Unarmed Combat | 3 5 6 |  6.7
Dodging        | 3 5 6 7 |  7.1
Fighting       | 5 7 |  7.8
Stealth        | |  1.7

Action                   |  1- 3 |  4- 6 |  7- 9 || total
-------------------------+-------+-------+-------++-------
Melee: Unarmed           |   102 |   153 |   188 ||   443
       Punch             |     3 |     7 |     6 ||    16
       Headbutt          |    13 |    30 |    37 ||    80
Evoke: Wand              |     3 |     3 |     2 ||     8
  Use: Potion            |       |       |     3 ||     3
 Stab: Sleeping          |     9 |     8 |     9 ||    26
       Distracted        |       |     2 |       ||     2
Armor: Robe              |    26 |    13 |     8 ||    47
Dodge: Dodged            |    71 |    90 |   241 ||   402
